 Dungeon Crawl Stone Soup version 0.18.1-48-g4cf74bf (webtiles) character file.

28 MistressOfTheDunes the Insei (level 3, -2/29 HPs)
             Began as a Mummy Monk on July 20, 2016.
             Slain by Natasha (10 damage)
             ... on level 2 of the Dungeon.
             The game lasted 00:01:09 (1318 turns).

MistressOfTheDunes the Insei (Mummy Monk)           Turns: 1318, Time: 00:01:10

Health: -2/29      AC:  1    Str: 14    XL:     3   Next: 0%
Magic:  3/3        EV: 13    Int:  9    God:
Gold:   64         SH:  0    Dex: 15    Spells: 0 memorised, 2 levels left

rFire  x . .     SeeInvis .       - Unarmed
rCold  + . .     Gourm    .     (no armour)
rNeg   + + +     Faith    .     (no shield)
rPois  ∞         Spirit   .     (no helmet)
rElec  .         Dismiss  .     a - +0 cloak
rCorr  .         Reflect  .     (no gloves)
SustAt .         Harm     .     (no boots)
MR     .....                    (no amulet)
Stlth  ++........               (no ring)
                                (no ring)

@: not resistant to hostile enchantments, unstealthy
A: no food or potions, fire vulnerability, cold resistance 1, negative energy
resistance 3, torment resistance, unbreathing
a: no special abilities


You were on level 2 of the Dungeon.
You were not hungry.

You visited 1 branch of the dungeon, and saw 2 of its levels.

You collected 64 gold pieces.


Innate Abilities, Weirdness & Mutations

You do not eat or drink.
Your flesh is vulnerable to fire.
You are immune to poison.
Your flesh is cold resistant.
You are immune to negative energy.
You are immune to unholy pain and torment.
You can survive without breathing.


   Skills:
 - Level 3.0 Fighting
 - Level 2.4 Dodging
 - Level 1.5 Stealth
 + Level 4.1 Unarmed Combat


You had 2 spell levels left.
You didn't know any spells.

Inventory:

Armour
 a - a +0 cloak (worn)
Scrolls
 b - a scroll of amnesia {unknown}
 c - 2 scrolls of remove curse {unknown}
 d - a scroll of teleportation {unknown}

Dungeon Overview and Level Annotations

Branches:
Dungeon (2/15)

Altars:

Annotations:
D:2 Natasha, Terence

....▒
▒...▒.▒
▒...▒.▒
▒...▒.▒
▒...▒.▒
▒...▒.▒
▒..<▒.▒
▒.▒▒▒.>▒.▒
▒.....5Mh▒
▒▒▒▒▒▒▒▒▒▒


You could see Natasha and a crimson imp.


Message History

You are too injured to fight recklessly!!!
You are too injured to fight recklessly!!!
You are too injured to fight recklessly!!!
You are too injured to fight recklessly!!!
You are too injured to fight recklessly!!!
You are too injured to fight recklessly!!!
You are too injured to fight recklessly!!!
You are too injured to fight recklessly!!!
You are too injured to fight recklessly!!!
You are too injured to fight recklessly!!!
You are too injured to fight recklessly!!!
You are too injured to fight recklessly!!!
You are too injured to fight recklessly!!!
You are too injured to fight recklessly!!!
You are too injured to fight recklessly!!!
You are too injured to fight recklessly!!!
You are too injured to fight recklessly!!!
You are too injured to fight recklessly!!!
You are too injured to fight recklessly!!!
You are too injured to fight recklessly!!!
You are too injured to fight recklessly!!!
You are too injured to fight recklessly!!!
You are too injured to fight recklessly!!!
You are too injured to fight recklessly!!!
You are too injured to fight recklessly!!!
You are too injured to fight recklessly!!!
You pummel Natasha like a punching bag!
Natasha is heavily wounded!
Natasha claws you!!! rip

Action                   || total
-------------------------++-------
Melee: Unarmed           ||   111
       Punch             ||     1
 Stab: Sleeping          ||     3
Armor: Skin              ||     3
Dodge: Dodged            ||    68

Vault maps used:
D:1:      roderic_chinese_lattice_arrival
D:2:      minitemple, first_bread, elyvilon_altar_5, uniq_natasha, uniq_terence,
          uniq_sigmund

Notes
Turn   | Place    | Note
--------------------------------------------------------------
     0 | D:1      | MistressOfTheDunes the Mummy Monk began the quest for the Orb.
     0 | D:1      | Reached XP level 1. HP: 18/18 MP: 1/1
   417 | D:1      | Reached XP level 2. HP: 24/24 MP: 2/2
   751 | D:1      | Reached skill level 4 in Unarmed Combat
  1106 | D:2      | Noticed Terence
  1285 | D:1      | Reached XP level 3. HP: 27/29 MP: 3/3
  1310 | D:2      | Noticed Natasha
  1318 | D:2      | Slain by Natasha

Vanquished Creatures
  3 giant geckos (D:1)
  5 goblins (D:1)
  2 hobgoblins (D:1)
  2 bats (D:1)
  5 giant newts (D:1)
  6 kobolds
  4 rats
27 creatures vanquished.
